 Dungeon Crawl Stone Soup version 0.25-a0-62-g88673ef095 (webtiles) character file.

6636 soulesssniper the Magician (level 11, -6/81 HPs)
             Began as a Gnoll Earth Elementalist on Dec 12, 2017.
             Was a Priest of Sif Muna.
             Killed by nerve-wracking pain
             ... invoked by a shadow imp
              (14 damage)
             ... on level 9 of the Dungeon on Oct 29, 2019.
             The game lasted 01:35:37 (9668 turns).

soulesssniper the Magician (GnEE)                   Turns: 9668, Time: 01:35:38

Health: -6/81      AC:  8    Str: 16    XL:     11   Next: 2%
Magic:  9/22       EV: 19    Int: 20    God:    Sif Muna [***...]
Gold:   224        SH:  0    Dex: 23    Spells: 12/25 levels left

rFire    . . .     SeeInvis .   L - +7 spear of Ehinem {freeze, Dex+7}
rCold    . . .     Gourm    .   (no shield)
rNeg     . . .     Faith    .   c - +0 robe
rPois    .         Spirit   .   A - +2 helmet
rElec    .         Reflect  .   D - +0 cloak
rCorr    .         Harm     .   (no gloves)
MR       +....                  t - +0 pair of boots
Stlth    ++++......             u - amulet of magic regeneration
HPRegen  0.23/turn              f - ring of protection from magic
MPRegen  0.43/turn              y - +5 ring of strength

@: no status effects
A: distributed training, fangs 1, strong nose
a: Channel Magic, Forget Spell, Renounce Religion


You were on level 9 of the Dungeon.
You worshipped Sif Muna.
Sif Muna was most pleased with you.
You were hungry.

You visited 2 branches of the dungeon, and saw 10 of its levels.
You also visited: Ossuary.

You collected 554 gold pieces.
You spent 330 gold pieces at shops.

Inventory:

Hand Weapons
 g - a +1 spear of pain
 m - a +0 hunting sling
 L - the +7 spear of Ehinem (weapon) {freeze, Dex+7}
   (You found it on level 6 of the Dungeon)

   It has been specially enchanted to freeze those struck by it, causing extra
   injury to most foes and up to half again as much damage against particularly
   susceptible opponents.
   It can also slow down cold-blooded creatures.
   It affects your dexterity (+7).
Missiles
 b - 322 stones (quivered)
 i - 124 bolts
 n - 104 arrows
 T - a throwing net
Armour
 c - a +0 robe (worn)
 t - a +0 pair of boots (worn)
 A - a +2 helmet (worn)
 D - a +0 cloak (worn)
Jewellery
 e - an uncursed ring of magical power {unknown}
 f - a ring of protection from magic (left hand)
 u - an amulet of magic regeneration (around neck)
 y - a +5 ring of strength (right hand)
 C - an uncursed ring of flight
 S - an uncursed ring of resist corrosion
Wands
 a - a wand of random effects (16)
 v - a wand of clouds (4)
 x - a wand of acid (23)
 Q - a wand of iceblast (10)
Scrolls
 h - 8 scrolls of identify
 q - 3 scrolls of remove curse
 w - 5 scrolls of amnesia
 G - 3 scrolls of blinking
 H - 4 scrolls of enchant armour
 K - 2 scrolls of fear {unknown}
 M - 4 scrolls of enchant weapon
 U - a scroll of brand weapon {unknown}
Potions
 j - a potion of cancellation {unknown}
 k - 2 potions of mutation {unknown}
 l - 2 potions of ambrosia {unknown}
 o - 2 potions of curing
 p - 3 potions of brilliance {unknown}
 s - 4 potions of agility
 B - 2 potions of resistance {unknown}
 F - 2 potions of heal wounds {unknown}
 I - 2 potions of flight {unknown}
 N - a potion of magic
 O - a potion of invisibility {unknown}
 P - a potion of lignification
 R - a potion of might
Comestibles
 d - 11 rations
 r - 4 rations
 z - a ration
 E - a ration
 J - 2 chunks of flesh


   Skills:
 + Level 5.7 Fighting
 + Level 5.7 Short Blades
 + Level 5.7 Long Blades
 + Level 5.7 Axes
 + Level 5.7 Maces & Flails
 + Level 5.7 Polearms
 + Level 5.7 Staves
 + Level 5.7 Slings
 + Level 5.7 Bows
 + Level 5.7 Crossbows
 + Level 5.7 Throwing
 + Level 5.7 Armour
 + Level 7.4 Dodging
 + Level 7.2 Stealth
 + Level 5.7 Shields
 + Level 5.7 Unarmed Combat
 + Level 7.7 Spellcasting
 + Level 4.7 Conjurations
 + Level 4.7 Hexes
 + Level 4.7 Charms
 + Level 4.7 Summonings
 + Level 4.7 Necromancy
 + Level 4.7 Translocations
 + Level 5.2 Transmutations
 + Level 4.7 Fire Magic
 + Level 4.7 Ice Magic
 + Level 4.7 Air Magic
 + Level 7.3 Earth Magic
 + Level 4.7 Poison Magic
 + Level 6.3 Invocations
 + Level 5.7 Evocations


You had 12 spell levels left.
You knew the following spells:

 Your Spells              Type           Power        Failure   Level  Hunger
a - Sandblast             Erth           #####.       1%          1    None
b - Stone Arrow           Conj/Erth      ####..       2%          3    None
c - Petrify               Tmut/Erth      ####....     7%          4    ###....
d - Mephitic Cloud        Conj/Pois/Air  ####....     3%          3    None
e - Call Imp              Summ           ####....     1%          2    None

Your spell library contained the following spells:

 Spells                   Type           Power        Failure   Level  Hunger
 Magic Dart               Conj           ####         1%          1    None
 Blink                    Tloc           N/A          1%          2    None
 Passwall                 Tmut/Erth      ####....     1%          2    None
 Slow                     Hex            ####....     1%          2    None
 Conjure Flame            Conj/Fire      ####....     3%          3    None
 Lee's Rapid Deconstruct  Erth           #####.....   12%         5    #####..


Dungeon Overview and Level Annotations

Branches:
Dungeon (9/15)             Temple (1/1) D:5            Lair (0/6) D:8
    Orc: D:9-12

Altars:
Elyvilon
Kikubaaqudgha
Makhleb
Nemelex Xobeh
Okawaru
Qazlal
Sif Muna
Wu Jian
Zin

Shops:
D:6 =


Innate Abilities, Weirdness & Mutations

Your experience applies equally to all skills.
You have very sharp teeth.
Your uncanny sense of smell can sniff out nearby items.


Message History

Confirm with . or Enter, or press ? or * to list all spells.
Aiming: Sandblast (safe; 1% risk of failure)
Press: ? - help, Shift-Dir - straight line, f/p - hornet
Aim: a hornet The blast of sand hits the hornet!
The hornet is heavily wounded.
b - 322 stones Your shadow imp disappears in a puff of smoke!
The hornet completely misses you. The phantom completely misses you.
The shadow imp gestures at you.
You easily resist.
Your crimson imp hits the hornet but does no damage.
The hornet stings you!
* * * LOW HITPOINT WARNING * * *
You suddenly lose the ability to move!
Your shadow imp hits the hornet.
You can move again.
The phantom blinks!
The shadow imp gestures at you. Pain shoots through your body!
You die...

..........................
##.#......................
..###....................
#....................
..#####)................#.#
....#...##................##
.........##...............##
..........#.......†....##.##
.##.............@.........####
.............55y...........#
.............5.§..........##
...........§O..5.......#.##
..................W.....##
..................[....##
....§.................##
....§...............###
#.#..........#.#....#


You could see a two-headed ogre (petrified), a phantom, a hornet, a shadow imp,
a friendly iron imp, a friendly crimson imp and a friendly shadow imp.

Vanquished Creatures
  3 two-headed ogres (D:8)
  A hornet (D:9)
  2 hippogriffs (D:8)
  2 wyverns
  A hungry ghost (D:7)
  A black bear (D:8)
  2 orc warriors
  3 sky beasts
  6 ogres
  An ice beast (D:9)
  A centaur (D:9)
  3 bullfrogs
  3 scorpions
  7 killer bees
  5 howler monkeys
  2 centaur zombies
  8 crimson imps
  A bullfrog zombie (D:6)
  3 hounds
  A quasit (D:6)
  2 jellies
  Crazy Yiuf (D:2)
  A centaur skeleton (D:7)
  5 orc priests
  4 orc wizards
  A bullfrog skeleton (D:6)
  2 iguanas (D:8)
  Natasha (thrice) (D:2)
  3 worker ants
  A killer bee zombie (D:8)
  A big kobold zombie (Ossuary)
  A hound zombie (D:5)
  2 mummies (Ossuary)
  A worker ant zombie (D:8)
  Robin (D:4)
  A howler monkey skeleton (D:6)
  13 adders
  2 shadow imps
  2 oozes
  2 adder zombies
  5 worms
  2 dart slugs
  21 orcs
  4 giant cockroaches
  18 goblins
  9 hobgoblins
  7 jackals
  4 quokkas
  A ball python (D:1)
  8 bats
  7 frilled lizards
  3 hobgoblin zombies (Ossuary)
  5 kobolds
  2 kobold zombies (Ossuary)
  A leopard gecko skeleton (D:9)
  A quokka skeleton (D:4)
  6 quokka zombies
  12 rats
  4 rat zombies (Ossuary)
225 creatures vanquished.

Vanquished Creatures (collateral kills)
  Joseph (D:8)
  An orc warrior (D:7)
  A sky beast (D:8)
  A necrophage (D:8)
  A bullfrog (D:8)
  A killer bee (D:7)
  A howler monkey (D:8)
  A crimson imp (D:8)
  An orc priest (D:7)
  An orc wizard (D:7)
  A mummy (Ossuary)
  An adder (D:6)
  5 orcs (D:8)
  A hobgoblin zombie (Ossuary)
  A quokka zombie (Ossuary)
  A rat zombie (Ossuary)
20 creatures vanquished.

Vanquished Creatures (others)
  An orc (D:7)
1 creature vanquished.

Grand Total: 246 creatures vanquished

Notes
Turn   | Place    | Note
-------+----------+-------------------------------------------
     0 | D:1      | soulesssniper the Gnoll Earth Elementalist began the quest
                  | for the Orb.
     0 | D:1      | Reached XP level 1. HP: 13/13 MP: 6/6
   117 | D:1      | Reached XP level 2. HP: 19/19 MP: 4/7
   456 | D:1      | Reached XP level 3. HP: 25/25 MP: 9/9
   605 | D:2      | Reached skill level 5 in Spellcasting
   734 | D:2      | Noticed Natasha
   751 | D:2      | Killed Natasha
   751 | D:2      | Reached skill level 1 in Fighting
   751 | D:2      | Reached skill level 1 in Short Blades
   751 | D:2      | Reached skill level 1 in Long Blades
   751 | D:2      | Reached skill level 1 in Axes
   751 | D:2      | Reached skill level 1 in Maces & Flails
   751 | D:2      | Reached skill level 1 in Polearms
   751 | D:2      | Reached skill level 1 in Staves
   751 | D:2      | Reached skill level 1 in Slings
   751 | D:2      | Reached skill level 1 in Bows
   751 | D:2      | Reached skill level 1 in Crossbows
   751 | D:2      | Reached skill level 1 in Throwing
   751 | D:2      | Reached skill level 1 in Armour
   751 | D:2      | Reached skill level 1 in Shields
   751 | D:2      | Reached skill level 1 in Unarmed Combat
   751 | D:2      | Reached skill level 1 in Invocations
   751 | D:2      | Reached skill level 1 in Evocations
   751 | D:2      | Reached XP level 4. HP: 32/32 MP: 9/11
   781 | D:2      | Noticed Natasha
   785 | D:2      | Killed Natasha
   803 | D:2      | Reached skill level 1 in Conjurations
   803 | D:2      | Reached skill level 1 in Hexes
   803 | D:2      | Reached skill level 1 in Charms
   803 | D:2      | Reached skill level 1 in Summonings
   803 | D:2      | Reached skill level 1 in Necromancy
   803 | D:2      | Reached skill level 1 in Translocations
   803 | D:2      | Reached skill level 1 in Fire Magic
   803 | D:2      | Reached skill level 1 in Ice Magic
   803 | D:2      | Reached skill level 1 in Air Magic
   803 | D:2      | Reached skill level 1 in Poison Magic
   961 | D:2      | Reached XP level 5. HP: 37/37 MP: 10/12
  1009 | D:2      | Noticed Natasha
  1013 | D:2      | Killed Natasha
  1060 | D:2      | Found a runed door.
  1064 | D:2      | Noticed Crazy Yiuf
  1072 | D:2      | Killed Crazy Yiuf
  1768 | D:3      | Reached XP level 6. HP: 38/44 MP: 10/13
  1773 | D:3      | Learned a level 3 spell: Stone Arrow
  1778 | D:3      | Learned a level 4 spell: Petrify
  2267 | D:3      | Reached skill level 5 in Dodging
  2348 | D:3      | Upgraded the game from 0.21-a0-531-gacddea6 to
                  | 0.21-a0-536-gdbbf329
  2457 | D:3      | Found an iron altar of Okawaru.
  2763 | D:4      | Reached XP level 7. HP: 45/50 MP: 7/15
  3012 | D:4      | Noticed Robin
  3025 | D:4      | Killed Robin
  3117 | D:4      | Found a white marble altar of Elyvilon.
  3576 | D:4      | Reached skill level 5 in Stealth
  4163 | D:5      | Entered Level 5 of the Dungeon
  4353 | D:5      | Reached XP level 8. HP: 56/57 MP: 9/16
  4370 | D:5      | Found a stormy altar of Qazlal.
  4439 | D:5      | Found a staircase to the Ecumenical Temple.
  4447 | Temple   | Entered the Ecumenical Temple
  4484 | Temple   | Became a worshipper of Sif Muna the Loreminder
  5653 | D:6      | Found an ancient bone altar of Kikubaaqudgha.
  5696 | D:6      | Learned a level 3 spell: Mephitic Cloud
  5741 | D:6      | Learned a level 2 spell: Call Imp
  5871 | D:6      | Reached * piety under Sif Muna
  6026 | D:6      | Reached XP level 9. HP: 65/65 MP: 8/18
  6181 | D:6      | Found Luyffuiq's Jewellery Boutique.
  6203 | D:6      | Got an ichor-stained spear
  6208 | D:6      | Found a glowing silver altar of Zin.
  6209 | D:6      | Identified the +7 spear of Ehinem {freeze, Dex+7} (You
                  | found it on level 6 of the Dungeon)
  7123 | D:7      | Found an ornate altar of the Wu Jian Council.
  7531 | D:8      | Found a sand-covered staircase.
  7595 | Ossuary  | Entered an ossuary
  8039 | D:6      | Bought an uncursed amulet of magic regeneration for 330
                  | gold pieces
  8231 | D:8      | Reached skill level 5 in Invocations
  8235 | D:8      | Reached ** piety under Sif Muna
  8273 | D:8      | Found a sparkling altar of Nemelex Xobeh.
  8348 | D:8      | Reached XP level 10. HP: 72/73 MP: 20/20
  8350 | D:8      | Noticed Joseph
  8393 | D:8      | Killed Joseph
  8731 | D:8      | Noticed a two-headed ogre
  8766 | D:8      | Killed a two-headed ogre
  8766 | D:8      | Reached skill level 5 in Fighting
  8766 | D:8      | Reached skill level 5 in Short Blades
  8766 | D:8      | Reached skill level 5 in Long Blades
  8766 | D:8      | Reached skill level 5 in Axes
  8766 | D:8      | Reached skill level 5 in Maces & Flails
  8766 | D:8      | Reached skill level 5 in Polearms
  8766 | D:8      | Reached skill level 5 in Staves
  8766 | D:8      | Reached skill level 5 in Slings
  8766 | D:8      | Reached skill level 5 in Bows
  8766 | D:8      | Reached skill level 5 in Crossbows
  8766 | D:8      | Reached skill level 5 in Throwing
  8766 | D:8      | Reached skill level 5 in Armour
  8766 | D:8      | Reached skill level 5 in Shields
  8766 | D:8      | Reached skill level 5 in Unarmed Combat
  8766 | D:8      | Reached skill level 5 in Evocations
  8866 | D:8      | Noticed a two-headed ogre
  8899 | D:8      | Killed a two-headed ogre
  8899 | D:8      | Reached skill level 5 in Transmutations
  8906 | D:8      | Noticed a two-headed ogre
  8925 | D:8      | Killed a two-headed ogre
  8975 | D:8      | Found a staircase to the Lair.
  8984 | D:8      | Found an ornate altar of the Wu Jian Council.
  9561 | D:9      | Reached XP level 11. HP: 55/81 MP: 15/22
  9597 | D:9      | Reached *** piety under Sif Muna
  9644 | D:9      | Noticed a two-headed ogre
  9663 | D:9      | Paralysed by a hornet for 2 turns
  9667 | D:9      | Paralysed by a hornet for 1 turns
  9668 | D:9      | Killed from afar by a shadow imp

Levels and vault maps discovered:
D:1:      dpeg_arrival_tiny_a
D:2:      first_bread, uniq_crazy_yiuf_cottage, uniq_natasha
D:3:      old_standard_altar, minmay_bisected
D:4:      overflow_temple_1_default, uniq_robin
D:5:      minmay_temple_entry_crystal_x, minmay_tree_intersection,
          grunt_qazlal_clouds
D:6:      kennysheep_mini, nicolae_overflow_crystal_walls, serial_shops,
          nicolae_shop_window_shopping, corexii_corridor_pit
D:7:      basic_altar, grunt_ogre_cave
D:8:      old_standard_altar, kennysheep_little_box, lair_entry_dummy,
          nicolae_ossuary_entry_plus, minmay_misc_feat_doors, uniq_joseph
D:9:      layout_big_octagon, nicolae_dithmenos_shadow_blocks, basic_altar,
          minmay_misc_feat_rows, xom_teletrap_fun
Temple:   regret_index_temple_generic_petals

Skill      XL: |  1  2  3  4  5  6  7  8  9 10 |
---------------+-------------------------------+-----
Transmutations | 2 3 4 5 |  5.2
Spellcasting   | 5 6 7 |  7.7
Fighting       | 1 2 3 4 5 |  5.7
Short Blades   | 1 2 3 4 5 |  5.7
Long Blades    | 1 2 3 4 5 |  5.7
Axes           | 1 2 3 4 5 |  5.7
Maces & Flails | 1 2 3 4 5 |  5.7
Polearms       | 1 2 3 4 5 |  5.7
Staves         | 1 2 3 4 5 |  5.7
Slings         | 1 2 3 4 5 |  5.7
Bows           | 1 2 3 4 5 |  5.7
Crossbows      | 1 2 3 4 5 |  5.7
Throwing       | 1 2 3 4 5 |  5.7
Armour         | 1 2 3 4 5 |  5.7
Shields        | 1 2 3 4 5 |  5.7
Unarmed Combat | 1 2 3 4 5 |  5.7
Invocations    | 1 2 3 4 5 6 |  6.3
Evocations     | 1 2 3 4 5 |  5.7
Conjurations   | 1 2 3 4 |  4.7
Hexes          | 1 2 3 4 |  4.7
Charms         | 1 2 3 4 |  4.7
Summonings     | 1 2 3 4 |  4.7
Necromancy     | 1 2 3 4 |  4.7
Translocations | 1 2 3 4 |  4.7
Fire Magic     | 1 2 3 4 |  4.7
Ice Magic      | 1 2 3 4 |  4.7
Air Magic      | 1 2 3 4 |  4.7
Poison Magic   | 1 2 3 4 |  4.7
Dodging        | 5 6 7 |  7.4
Stealth        | 5 6 7 |  7.2
Earth Magic    | 6 7 |  7.3

Action                   |  1- 3 |  4- 6 |  7- 9 | 10-12 || total
-------------------------+-------+-------+-------+-------++-------
Melee: Whip              |     1 |       |       |       ||     1
       Spear             |       |   105 |   467 |    37 ||   609
       Bite              |       |     9 |    50 |     5 ||    64
       Punch             |       |     2 |     7 |     1 ||    10
 Fire: Hunting sling     |    36 |    17 |       |       ||    53
Throw: Stone             |       |    10 |    15 |       ||    25
 Cast: Sandblast         |    30 |    22 |     7 |    43 ||   102
       Stone Arrow       |       |    18 |    59 |    15 ||    92
       Call Imp          |       |       |    40 |    41 ||    81
       Petrify           |       |       |       |     7 ||     7
       Mephitic Cloud    |       |       |       |     5 ||     5
  Use: Scroll            |       |     8 |     5 |     2 ||    15
       Potion            |       |       |       |     1 ||     1
 Stab: Sleeping          |       |     9 |    13 |       ||    22
       Distracted        |       |       |     4 |       ||     4
       Petrified         |       |       |       |     9 ||     9
       Confused          |       |       |       |     3 ||     3
  Eat: Chunk             |       |     6 |    19 |     4 ||    29
       Buggy fruit       |       |       |     1 |     1 ||     2
       Ration            |       |       |     1 |       ||     1
Armor: Robe              |     1 |    15 |    67 |     8 ||    91
Dodge: Dodged            |     6 |    64 |   257 |    62 ||   389

Table legend:
 A = Non-vault XP
 B = Vault XP
 C = Vault XP percentage of total XP
 D = Non-vault monster count
 E = Vault monster count
 F = Vault count percentage of total count
                 A         B        C        D         E       F
            +---------+---------+-------+---------+---------+-------
      Total |    9481 |       0 |   0.0 |     246 |       0 |   0.0
            +---------+---------+-------+---------+---------+-------
        D:1 |      36 |       0 |   0.0 |      25 |       0 |   0.0
        D:2 |     232 |       0 |   0.0 |      26 |       0 |   0.0
        D:3 |     204 |       0 |   0.0 |      28 |       0 |   0.0
        D:4 |     642 |       0 |   0.0 |      34 |       0 |   0.0
        D:5 |     670 |       0 |   0.0 |      10 |       0 |   0.0
        D:6 |     670 |       0 |   0.0 |      21 |       0 |   0.0
        D:7 |    1232 |       0 |   0.0 |      27 |       0 |   0.0
        D:8 |    4856 |       0 |   0.0 |      43 |       0 |   0.0
        D:9 |     854 |       0 |   0.0 |      11 |       0 |   0.0
    Ossuary |      85 |       0 |   0.0 |      21 |       0 |   0.0
            +---------+---------+-------+---------+---------+-------
